 Dungeon Crawl Stone Soup version 0.27-a0-679-g77a6b55cf3 (webtiles) character file.

Game seed: 10577039965724174592

147 HoaS the Ruffian (level 4, 0/36 HPs)
             Began as a Demigod Gladiator on Mar 18, 2021.
             Succumbed to an orc's poison
             ... on level 3 of the Dungeon.
             The game lasted 00:04:15 (2291 turns).

HoaS the Ruffian (Demigod Gladiator)                Turns: 2291, Time: 00:04:15

Health: 0/36       AC:  8    Str: 19    XL:     4   Next: 80%
Magic:  6/6        EV: 11    Int: 10    God:
Gold:   85         SH:  0    Dex: 15    Spells: 3/3 levels left

rFire    . . .     SeeInvis .     - Unarmed
rCold    . . .     Faith    .   (no shield)
rNeg     . . .     Spirit   .   h - +0 ring mail
rPois    .         Reflect  .   b - +1 helmet
rElec    .         Harm     .   (no cloak)
rCorr    .         Rampage  .   f - +0 pair of gloves
Will     .....                  (no boots)
Stlth    +.........             (no amulet)
HPRegen  0.12/turn              (no ring)
MPRegen  0.10/turn              (no ring)

@: lethally poisoned (0 -> -20)
A: high mp 1, forlorn
a: no special abilities


You were on level 3 of the Dungeon.
You visited 1 branch of the dungeon, and saw 3 of its levels.

You collected 85 gold pieces.

Inventory:

Missiles
 c - 3 throwing nets (quivered)
Armour
 b - a +1 helmet (worn)
 f - a +0 pair of gloves (worn)
 h - a +0 ring mail (worn)
Potions
 d - a potion of flight {unknown}
 e - a potion of ambrosia


   Skills:
 - Level 1.7 Fighting
 - Level 1.7 Throwing
 - Level 2.6 Dodging
 + Level 5.3 Unarmed Combat


You had 3 spell levels left.
You didn't know any spells.
Your spell library was empty.

Dungeon Overview and Level Annotations

Branches:
Dungeon (3/15)


Innate Abilities, Weirdness & Mutations

Your attributes grow dramatically as you level up.
You have an increased reservoir of magic. (+10% MP)
You shall have no god before yourself.


Message History

You punch the hobgoblin!
You kill the hobgoblin!
An orc comes into view. It is wielding a +0 trident.
The rat bites you but does no damage.
Things that are here:
a +0 club; a hobgoblin corpse You hit the rat.
The rat is severely wounded.
The rat bites you but does no damage.
You punch the rat!
You kill the rat!
Items here: )) [[ †.
The orc hits you with a +1 whip of venom.
You are lethally poisoned!
You closely miss the orc.
You feel sick. The orc closely misses you.
You barely miss the orc.
You feel sick.
You feel better.
The orc hits you with a +1 whip of venom.
You are poisoned.
The orc hits you but does no damage.
You hit the orc.
The orc is moderately wounded.
You feel sick. The orc hits you but does no damage.
You are more poisoned.
The orc misses you.
You hit the orc.
The orc is heavily wounded.
You feel sick.
The orc hits you with a +1 whip of venom.
* * * LOW HITPOINT WARNING * * *
You are more poisoned.
You hit the orc.
The orc is severely wounded.
* * * LOW HITPOINT WARNING * * *
You feel sick. The orc barely misses you.
The orc hits you with a +1 whip of venom.
* * * LOW HITPOINT WARNING * * *
You punch the orc!
You kill the orc!
You die...

................
.#.#.#.#.#.#.#.....
...................
#.#.#.#.#(#.#.....
.................
#.#o#.#.#.#.####
............#
#.#.#)#.#...#
#.@o)....##
##########


You could see 2 orcs.

Vanquished Creatures
  3 gnolls (D:2)
  3 adders (D:2)
  2 oozes (D:1)
  A worm (D:2)
  4 dart slugs
  2 leopard geckos (D:1)
  4 orcs (D:3)
  2 giant cockroaches (D:2)
  6 hobgoblins
  4 jackals (D:1)
  7 kobolds
  A quokka (D:1)
  4 ball pythons
  6 bats
  2 frilled lizards (D:2)
  9 goblins
  9 rats
69 creatures vanquished.

Notes
Turn   | Place    | Note
-------+----------+-------------------------------------------
     0 | D:1      | HoaS the Demigod Gladiator began the quest for the Orb.
     0 | D:1      | Reached XP level 1. HP: 17/17 MP: 3/3
    23 | D:1      | Reached skill level 3 in Unarmed Combat
   239 | D:1      | Reached XP level 2. HP: 19/24 MP: 4/4
   830 | D:1      | Reached XP level 3. HP: 24/29 MP: 5/5
   868 | D:1      | Reached skill level 4 in Unarmed Combat
  1496 | D:2      | Reached XP level 4. HP: 24/36 MP: 6/6
  1870 | D:2      | Reached skill level 5 in Unarmed Combat
  2291 | D:3      | Succumbed to an orc's poison

Illustrated notes

Levels and vault maps discovered:
D:1:      dpeg_arrival_tiny_c, layout_basic
D:2:      layout_loops_ring, fedhas_ov_isle_minmay
D:3:      minmay_skewed_foursquare, layout_basic, kennysheep_crisscross,
          uniq_natasha, uniq_sigmund

Skill      XL: |  1  2  3  4 |
---------------+-------------+-----
Unarmed Combat | 3 4 5 |  5.3
Fighting       | |  1.7
Throwing       | |  1.7
Dodging        | |  2.6

Action                   |  1- 3 |  4- 6 || total
-------------------------+-------+-------++-------
Melee: Unarmed           |   176 |    67 ||   243
       Punch             |     3 |     1 ||     4
Throw: Throwing net      |       |     1 ||     1
  Use: Scroll            |     8 |       ||     8
       Potion            |       |     1 ||     1
 Stab: Sleeping          |     3 |       ||     3
       Held in net/web   |       |     2 ||     2
Armor: Leather armour    |    39 |     7 ||    46
       Ring mail         |       |     9 ||     9
Dodge: Dodged            |    98 |    38 ||   136

Table legend: (Time is in decaauts)
 A = Elapsed time spent in this place.
 B = Non-inter-level travel time spent in this place.
 C = Inter-level travel time spent in this place.
 D = Time resting spent in this place.
 E = Time spent auto-exploring this place.
 F = Levels seen in this place.
 G = Mean time per level.
                   A        B        C        D        E       F      G
               +--------+--------+--------+--------+--------+-----+--------+
         Total |   2271 |   2204 |     67 |    715 |    997 |   3 |  757.0 |
       Dungeon |   2271 |   2204 |     67 |    715 |    997 |   3 |  757.0 |
               +--------+--------+--------+--------+--------+-----+--------+

Top non-repeatable levels by time:
     D:1: 1332 daAuts
     D:2: 900 daAuts
     D:3: 38 daAuts
